 Dungeon Crawl Stone Soup version 0.26-a0-466-g989023bd0d (webtiles) character file.

Game seed: 12179134801441049592

357 namja the Covert (level 6, -2/43 HPs)
             Began as an Octopode Delver on Aug 12, 2020.
             Slain by an orc warrior
             ... wielding a +0 hand axe
              (18 damage)
             ... on level 4 of the Dungeon.
             The game lasted 00:05:31 (1512 turns).

namja the Covert (Octopode Delver)                  Turns: 1512, Time: 00:05:32

Health: -2/43      AC:  3    Str: 13    XL:     6   Next: 64%
Magic:  6/6        EV: 14    Int: 12    God:
Gold:   127        SH:  0    Dex: 17    Spells: 5/5 levels left

rFire    + . .     SeeInvis +   a - +0 spear
rCold    . . .     Faith    .   (no shield)
rNeg     . . .     Spirit   .   j - +2 hat
rPois    .         Reflect  .   (no amulet)
rElec    .         Harm     .   n - ring of Qulu {rF+ Dex+3 SInv Stlth-}
rCorr    .                      (no ring)
MR       .....                  (no ring)
Stlth    ++++......             (no ring)
HPRegen  0.14/turn              (no ring)
MPRegen  0.10/turn              (no ring)
                                (no ring)
                                (no ring)

@: no status effects
A: almost no armour, stealthy swim, amphibious, 8 rings, constrict 8, camouflage
1, gelatinous body 1
a: no special abilities


You were on level 4 of the Dungeon.
You visited 1 branch of the dungeon, and saw 2 of its levels.

You collected 127 gold pieces.

Inventory:

Hand Weapons
 a - a +0 spear (weapon)
Missiles
 l - 4 poisoned darts (quivered)
Armour
 j - a +2 hat (worn)
Jewellery
 n - the ring of Qulu (left tentacle) {rF+ Dex+3 SInv Stlth-}
   (You found it on level 4 of the Dungeon)

   [ring of protection from fire]

   It affects your dexterity (+3).
   It protects you from fire.
   It lets you see invisible.
   It makes you less stealthy.
Wands
 f - a wand of digging (3)
Scrolls
 b - a scroll of fog
 c - a scroll of magic mapping
 d - a scroll of fear
 h - a scroll of identify {unknown}
 i - a scroll of remove curse {unknown}
 o - a scroll of amnesia {unknown}
Potions
 e - 2 potions of haste
 g - 4 potions of curing {unknown}
 k - a potion of heal wounds {unknown}
 m - a potion of ambrosia {unknown}


   Skills:
 + Level 4.1 Fighting
 + Level 4.0 Polearms
 + Level 0.6 Throwing
 + Level 2.6 Dodging
 - Level 8.7 Stealth
 + Level 1.2 Evocations


You had 5 spell levels left.
You didn't know any spells.
Your spell library was empty.

Dungeon Overview and Level Annotations

Branches:
Dungeon (5/15)
 Temple: D:4-7

Altars:
Trog

Shops:
D:4 [[


Innate Abilities, Weirdness & Mutations

You cannot wear most types of armour.
You are very stealthy in the water. (Stealth+)
You are amphibious.
You can wear up to eight rings at the same time.
You can use your tentacles to constrict eight enemies at once.
Your skin changes colour to match your surroundings (Stealth+).
Your rubbery body absorbs attacks. (AC +1, EV +1)


Message History

No target in view!
No target in view!
No target in view!
You now have 127 gold pieces (gained 5).
Things that are here:
a +0 flail; a gnoll corpse
Things that are here:
a +0 club; a gnoll corpse Done exploring.
Done exploring.
(D) Dungeon
Where to? (? - help)
There is a stone staircase leading up here.
You climb upwards.
The orc warrior hits you with a +0 hand axe!!
The orc misses you.
The orc warrior hits you with a +0 hand axe!
There is a stone staircase leading down, spattered with blood here.
The orc warrior hits you with a +0 hand axe!!
You die...

#.#.## ###.# #.#
####....#####...### #.#
).................## #.######
............._.....# #.#.....
###.#..###..รท..#..#####.#.####
#####...# ##...............#.#
........#######.#..#.###...#.#
.....................# #...#.##
.####......###@##....###......#
#......#.oo##.............#
###..........##....###...#..#
...........>..+...............
...............##..........#..#
.####................##...##..#
#......#...................
#..............).###.......
#.......###.###..# #..#####


You could see an orc warrior and an orc.

Vanquished Creatures
  2 bullfrogs
  A scorpion (D:5)
  A hound (D:5)
  A centaur zombie (D:5)
  An orc priest (D:4)
  An iguana (D:4)
  A hound skeleton (D:5)
  3 gnolls (D:5)
  An adder (D:4)
  A worm (D:5)
  3 leopard geckos (D:5)
  An orc (D:5)
  2 jackals (D:4)
  A leopard gecko zombie (D:5)
20 creatures vanquished.

Notes
Turn   | Place    | Note
-------+----------+-------------------------------------------
     0 | D:5      | namja the Octopode Delver began the quest for the Orb.
     0 | D:5      | Reached XP level 1. HP: 16/16 MP: 1/1
   108 | D:5      | Reached skill level 7 in Stealth
   108 | D:5      | Reached XP level 2. HP: 18/21 MP: 2/2
   201 | D:5      | Noticed a scorpion
   210 | D:5      | Noticed a bullfrog
   211 | D:5      | Killed a scorpion
   211 | D:5      | Reached skill level 8 in Stealth
   211 | D:5      | Reached XP level 3. HP: 19/26 MP: 3/3
   211 | D:5      | Reached XP level 4. HP: 23/31 MP: 4/4
   222 | D:5      | Killed a bullfrog
   222 | D:5      | Reached XP level 5. HP: 19/36 MP: 5/5
   844 | D:4      | Reached XP level 6. HP: 38/43 MP: 6/6
   852 | D:4      | Found Leiheij's Armour Shop.
   954 | D:5      | Reached skill level 1 in Evocations
  1045 | D:4      | Found a bloodstained altar of Trog.
  1093 | D:4      | Got a flickering silver ring
  1096 | D:4      | Identified the ring of Qulu {rF+ Dex+3 SInv Stlth-} (You
                  | found it on level 4 of the Dungeon)
  1143 | D:4      | Found Ratteun's Armour Emporium.
  1161 | D:4      | Noticed an orc warrior
  1512 | D:4      | Slain by an orc warrior

Illustrated notes

Levels and vault maps discovered:
D:4:      layout_basic, lemuel_doored_altar, serial_shops, nicolae_shop_trees,
          kennysheep_mini, shop, kennysheep_mini_moat, bloody_trog
D:5:      layout_loops_ring

Skill      XL: |  1  2  3  4  5  6 |
---------------+-------------------+-----
Stealth        | 7 8 |  8.7
Polearms       | 3 4 |  4.0
Evocations     | 1 |  1.2
Fighting       | 4 |  4.1
Throwing       | |  0.6
Dodging        | |  2.6

Action                   |  1- 3 |  4- 6 || total
-------------------------+-------+-------++-------
Melee: Spear             |    12 |    51 ||    63
       Tentacles         |     4 |    15 ||    19
       Constrict         |     3 |     9 ||    12
Throw: Dart              |       |    17 ||    17
Evoke: Wand              |       |     4 ||     4
 Stab: Sleeping          |     1 |     5 ||     6
       Paralysed         |       |     3 ||     3
       Distracted        |       |     2 ||     2
Armor: Skin              |       |     1 ||     1
Dodge: Dodged            |     5 |    24 ||    29

Table legend: (Time is in decaauts)
 A = Elapsed time spent in this place.
 B = Non-inter-level travel time spent in this place.
 C = Inter-level travel time spent in this place.
 D = Time resting spent in this place.
 E = Time spent auto-exploring this place.
 F = Levels seen in this place.
 G = Mean time per level.
                   A        B        C        D        E       F      G
               +--------+--------+--------+--------+--------+-----+--------+
         Total |   1511 |   1498 |     13 |    528 |    369 |   2 |  755.5 |
       Dungeon |   1511 |   1498 |     13 |    528 |    369 |   2 |  755.5 |
               +--------+--------+--------+--------+--------+-----+--------+

Top non-repeatable levels by time:
     D:5: 1162 daAuts
     D:4: 348 daAuts
